AoeStats
← dodosh

Arabia

506459243Analyzed
1v1 RM · 17d ago on Sep 13, 2026· 39m 29s· 2 players
Game mode
Random Map
Map size
Tiny (2 player)
Population
200
Speed
Normal
Resources
Standard
Victory
Conquest
Starting age
Dark Age
Ending age
Imperial Age
RankedLock teamsTeams togetherTeam positionsShared explorationLock speedFull tech treeHidden civsTurbo modeCheats
Victory
Defeat
🇫🇷 Magyars · France
577
+17
🇧🇪 Goths · Belgium
549
-15
dodosh
8:25 Loom
14:10 Feudal Age
20:52 Scale Mail Armor
22:20 Forging
28:23 Wheelbarrow
27:35 Town Watch
34:09 Castle Age
32:41 Padded Archer Armor
32:32 Fletching
37:01 Double-Bit Axe
37:10 Horse Collar
38:44 Hand Cart
rapha.le.marseillais
10:58 Feudal Age
12:14 Double-Bit Axe
16:59 Scale Barding Armor
17:25 Horse Collar
23:51 Castle Age
22:20 Fletching
22:32 Padded Archer Armor
24:46 Bloodlines
25:58 Thumb Ring
25:54 Bodkin Arrow
26:16 Leather Archer Armor
34:52 Imperial Age
35:21 Heavy Cavalry Archer
36:30 Parthian Tactics
36:56 Bracer
38:50 Heavy Plow
39:03 Bow Saw
38:48 Gold Mining
Connection lost

Rejoining the realm…

Still unreachable

The connection could not be restored.

Session expired

The server has moved on; the page needs a fresh start.